 Dungeon Crawl Stone Soup version 0.21.1-1-g345015f (webtiles) character file.

137 rlgrobin the Skirmisher (level 5, -1/43 HPs)
             Began as a Barachi Fighter on Feb 5, 2018.
             Slain by Paps's ghost (7 damage)
             ... on level 3 of the Dungeon.
             The game lasted 00:06:36 (1808 turns).

rlgrobin the Skirmisher (Barachi Fighter)           Turns: 1808, Time: 00:06:36

Health: -1/43      AC:  6    Str: 18    XL:     5   Next: 20%
Magic:  5/5        EV:  8    Int:  9    God:
Gold:   57         SH: 10    Dex: 11    Spells: 4/4 levels left

rFire    + . .     SeeInvis .   a - +1 war axe
rCold    . . .     Gourm    .   c - +1 shield
rNeg     . . .     Faith    .   m - +0 ring mail {rF+}
rPois    .         Spirit   .   (no helmet)
rElec    .         Reflect  .   (no cloak)
rCorr    .         Harm     .   (no gloves)
MR       .....                  (no boots)
Stlth    +.........             (no amulet)
HPRegen  0.14/turn              (no ring)
MPRegen  0.09/turn              (no ring)

@: can't hop, very slightly contaminated, hasted, very quick
A: +LOS, swims, slowness 1, strong legs 1
a: Hop


You were on level 3 of the Dungeon.
You were not hungry.

You visited 1 branch of the dungeon, and saw 3 of its levels.

You collected 57 gold pieces.


Innate Abilities, Weirdness & Mutations

Shadows flee at your approach. (+LOS)
You can swim through water.
You cover ground slowly.
You can hop short distances.


   Skills:
 + Level 4.7 Fighting
 + Level 3.4 Axes
 + Level 4.6 Armour
 + Level 4.2 Shields


You had 4 spell levels left.
You didn't know any spells.

Inventory:

Hand Weapons
 a - a +1 war axe (weapon)
Armour
 b - a +0 scale mail
 c - a +1 shield (worn)
 g - a +0 shield
 m - a +0 ring mail of fire resistance (worn)
Scrolls
 e - a scroll of remove curse
 j - a scroll of enchant armour
Potions
 h - 2 potions of brilliance
Comestibles
 f - 5 rations
 l - 6 chunks of flesh

Dungeon Overview and Level Annotations

Branches:
Dungeon (3/15)

Altars:
Dithmenos

Annotations:
D:3 Paps's ghost, amateur GrFi

▒▒▒▒▒▒▒▒▒▒▒▒▒▒▒▒▒▒▒▒▒..▒
▒▒....▒ ▒▒[..▒▒▒
▒▒▒▒▒▒▒▒▒▒▒....▒ ▒
▒.....£.......▒▒ ▒▒
▒..........▒[▒▒
.▒▒▒▒▒..........▒.▒
.....†.W........▒W▒
....▒▒▒▒▒▒▒▒▒▒▒▒F.▒
▒†.......▒ ▒...........
▒........▒ ▒...▒▒▒.....
▒.........▒ ....▒▒ ...
▒.........£.▒▒.▒▒▒ .
>........▒▒. ▒.
▒........▒ .. .........▒
▒.? .........▒ <.


You could see Paps's ghost.


Message History

Okay, then!
Wear which item? (? for menu, Esc to quit)
Keep disrobing?
You finish taking off your +0 scale mail!
Paps's ghost is nearby!!!
Wield which item (- for none, * to show all)? (? for menu, Esc to quit)
Okay, then!
Keep equipping yourself?
You feel yourself slow down!
You finish putting on your +0 ring mail of fire resistance!
You feel resistant to fire!
You barely miss Paps's ghost!
Paps's ghost is heavily damaged!
Paps's ghost hits you! * * * don't die
* * * You take 5 damage, and have 5/43 hp!
You open Paps's ghost but do no damage!
Paps's ghost is heavily damaged!
Paps's ghost hits you but does no damage!
Paps's ghost completely misses you!
Use which ability? (? or * to list) Hop to where?
Boing!!!
You see here a potion of haste {@q3}!
d - a potion of haste {@q3} A rat comes into view!
Found a stone staircase leading up!
You feel yourself speed up! Paps's ghost hits you!!! rip

Action                   |  1- 3 |  4- 6 || total
-------------------------+-------+-------++-------
Melee: War axe           |    85 |    50 ||   135
 Abil: Hop               |       |     2 ||     2
  Use: Scroll            |     1 |     5 ||     6
       Potion            |       |     3 ||     3
  Eat: Chunk             |     1 |     3 ||     4
Armor: Scale mail        |    46 |    25 ||    71
       Ring mail         |       |     1 ||     1
Dodge: Dodged            |    25 |    23 ||    48
Block: Shield            |    36 |    42 ||    78

Vault maps used:
D:1:      saegor_arrival_simple_b, corner_web_ring
D:2:      nicolae_dithmenos_through_a_glass_darkly, uniq_jessica, uniq_terence
D:3:      first_ration

Notes
Turn   | Place    | Note
-------+----------+-------------------------------------------
     0 | D:1      | rlgrobin the Barachi Fighter began the quest for the Orb.
     0 | D:1      | Reached XP level 1. HP: 18/18 MP: 1/1
   224 | D:1      | Reached XP level 2. HP: 25/25 MP: 2/2
   459 | D:1      | Reached skill level 4 in Fighting
   459 | D:1      | Reached skill level 4 in Armour
   506 | D:1      | Reached XP level 3. HP: 30/30 MP: 3/3
  1098 | D:2      | Noticed Terence
  1103 | D:2      | Killed Terence
  1103 | D:2      | Reached skill level 3 in Axes
  1103 | D:2      | Reached XP level 4. HP: 38/38 MP: 4/4
  1126 | D:2      | Noticed Jessica
  1133 | D:2      | Killed Jessica
  1133 | D:2      | Reached skill level 4 in Shields
  1339 | D:2      | Found a shadowy altar of Dithmenos.
  1606 | D:3      | Reached XP level 5. HP: 32/43 MP: 5/5
  1756 | D:3      | Noticed Paps's ghost (amateur GrFi)
  1808 | D:3      | Slain by Paps's ghost

Vanquished Creatures
  Jessica (D:2)
  Terence (D:2)
  2 adders
  An ooze (D:2)
  A worm (D:3)
  3 dart slugs
  4 orcs (D:3)
  7 bats
  2 giant cockroaches
  6 goblins
  8 hobgoblins
  2 jackals (D:2)
  5 kobolds
  4 frilled lizards
  4 rats
51 creatures vanquished.
